Unix NetHack Version 5.0.0-0 post-release - last build May  4 2026 22:22:43 (774f63e81ad911689b3a0859ea89b322d5daca8d,branch:main).

Game began 2026-05-07 05:32:16, ended 2026-05-07 05:57:30.

182320070181818, lawful female human Valkyrie

                              ---------------
                              |........(....|      -----
                              |.............|     #....|
                           ###......<........######|....##       ---------
   ----------------       ##  -----.---------     #|...| ###:@e .........|
   |...............##########    ####              -----    ###     ..%..|
   |..............|    #####     ####                           ...      |
   |..............|                ####                          ......
   |...............                 ###                           .d.....|
   --------------|-                  #                            --------
                 ##################  #
                                --.--|-
                                |.>"..|
                                |.....|
                                |......
                                |.....|       ..
                                |......
                                -------

182320070181818 the Skirmisher  St:18 Dx:11 Co:16 In:10 Wi:9 Ch:11  Lawful
Dlvl:3  $:53 HP:0(29) Pw:7(7) AC:6  Xp:3 T:1263 

Latest messages:
 You are still in a pit.
 You crawl to the edge of the pit.
 Really step onto that dart trap? [yn] (n) n
 With great effort you move the boulder.
 You swap places with your little dog.
 You see here a yellowish brown gem.
 You descend the stairs.
 The door opens.
 The giant bat bites!
 The giant bat misses!
 You kill the giant bat!
 You kill the cave spider!
 You see here a cave spider corpse.
 Your little dog eats a cave spider corpse.
 The little dog is caught in a spider web.
 Really step into that web? [yn] (n) n
 You see here 5 gold pieces.
 $ - 5 gold pieces (53 in total).
 This door is locked.
 This door is locked.
 This door is locked.
 This door is locked.
 This door is locked.
 This door is locked.
 This door is locked.
 This door is locked.
 In what direction? 6
 As you kick the door, it crashes open!
 o - a diamond ring.
 p - an orange gem.
 You miss the floating eye.
 You are frozen by the floating eye's gaze!
 The iguana bites!
 The iguana bites!
 The iguana bites!
 The iguana bites!
 The iguana bites!
 The iguana bites!
 The iguana bites!
 The iguana bites!
 The iguana bites!
 The iguana bites!
 You hear some noises in the distance.
 The iguana bites!
 You die...
 Do you want your possessions identified? [ynq] (y) n
 Do you want to see your attributes? [ynq] (y) n
 Do you want an account of creatures vanquished? [ynaq] (y) n
 Do you want to see your conduct and achievements? [ynq] (y) n
 Do you want to see the dungeon overview? [ynq] (y) n

Inventory:
 Coins    ('$')
  $ - 53 gold pieces
 Weapons  (')')
  b - a +0 dagger (alternate weapon; not wielded)
  a - a +1 spear (weapon in right hand)
 Armor    ('[')
  c - an uncursed +3 small shield (being worn)
 Comestibles  ('%')
  d - an uncursed food ration
  f - an uncursed melon
  m - an uncursed lichen corpse
 Scrolls  ('?')
  l - a blessed scroll of identify
  k - an uncursed scroll of identify
  i - an uncursed scroll of remove curse
 Potions  ('!')
  e - a blessed potion of restore ability
 Rings    ('=')
  o - a cursed ring of hunger
 Tools    ('(')
  h - a cursed magic harp (0:7)
  g - an uncursed wooden flute
  n - an uncursed bell
 Gems/Stones  ('*')
  p - an uncursed worthless piece of orange glass

182320070181818 the Valkyrie's attributes:

Background:
 You were a Skirmisher, a level 3 human Valkyrie.
 You were lawful, nominally on a mission for Tyr
 who was opposed by Odin (neutral) and Loki (chaotic).
 You were right-handed.
 You were in the Dungeons of Doom, on level 3.
 You entered the dungeon 1263 turns ago.
 It was nighttime.
 You had 57 experience points, 23 more were needed to attain level 4.

Basics:
 You had 0 out of 29 hit points.
 You had all 7 energy points (spell power).
 Your armor class was 6.
 Your wallet contained 53 zorkmids.
 Autopickup was off.

Final Characteristics:
 Your strength was 18 (limit:18/100).
 Your dexterity was 11 (limit:18).
 Your constitution was 16 (limit:18).
 Your intelligence was 10 (limit:18).
 Your wisdom was 9 (limit:18).
 Your charisma was 11 (limit:18).

Final Status:
 You weren't hungry.
 You were unencumbered.
 You were wielding a spear.
 You had basic skill with spear.

Final Attributes:
 You were devoutly aligned.
 You were cold resistant.
 You were stealthy.
 You are dead.

Miscellaneous:
 You didn't encounter any bones levels.
 Total elapsed playing time was 25 minutes and 11 seconds.

Major events:
 Turn
    1: 182320070181818 the lawful human Valkyrie entered the dungeon
  690: attained the rank of Skirmisher (level 3)
 1263: killed by an iguana, while frozen by a floating eye's gaze

You didn't know any spells.

Skills:
 Fighting Skills
   bare handed combat [Unskilled]
   two weapon combat  [Unskilled]
   riding             [Unskilled]
 Weapon Skills
   dagger             [Basic]
   axe                [Unskilled]
   pick-axe           [Unskilled]
   short sword        [Unskilled]
   broadsword         [Unskilled]
   long sword         [Unskilled]
   two-handed sword   [Unskilled]
   saber              [Unskilled]
   hammer             [Unskilled]
   quarterstaff       [Unskilled]
   polearms           [Unskilled]
   spear              [Basic]
   trident            [Unskilled]
   lance              [Unskilled]
   sling              [Unskilled]
 Spellcasting Skills
   attack spells      [Unskilled]
   escape spells      [Unskilled]

Voluntary challenges:
 Character rerolling was not enabled.
 You followed a strict vegan diet.
 You were an atheist.
 You were illiterate.
 You never genocided any monsters.
 You never polymorphed an object.
 You never changed form.
 You used no wishes.
Achievement:
 You attained the rank of Skirmisher.

 The Dungeons of Doom: levels 1 to 3
    Level 1:
    Level 2:
       A grave.
    Level 3: <- You were here.
       Final resting place for
          you, killed by an iguana, while frozen by a floating eye's gaze.


Vanquished creatures:
  a giant bat
  a giant rat
  a cave spider
  a red mold
  2 jackals
  a kobold
  a goblin
  3 grid bugs
  a bat
  4 lichens
  2 kobold zombies
  4 newts
22 creatures vanquished.

No species were genocided or became extinct.

Game over:
                       ----------
                      /          \
                     /    REST    \
                    /      IN      \
                   /     PEACE      \
                  /                  \
                  | 182320070181818  |
                  |      53 Au       |
                  |   killed by an   |
                  |      iguana      |
                  |                  |
                  |                  |
                  |       2026       |
                 *|     *  *  *      | *
        _________)/\\_//(\/(/\)/\//\/|_)_______

Farvel 182320070181818 the Valkyrie...

You died in The Dungeons of Doom on dungeon level 3 with 376 points,
and 53 pieces of gold, after 1263 moves.
You were level 3 with a maximum of 29 hit points when you died.

